[Event "Team 45 45 League T49"]
[Site "Internet Chess Club"]
[Date "2011.05.22"]
[Round "2"]
[White "DarkFlow"]
[Black "kabindra"]
[Result "1-0"]
[WhiteElo "1998"]
[BlackElo "1707"]
[Opening "KGA: Cunningham defense"]
[ECO "C35"]
[Time "08:30:22"]
[TimeControl "2700+45"]

1. e4 e5 2. f4 exf4 3. Nf3 Be7 4. Bc4 Bh4+ 5. Kf1 d5 6. Bxd5 Nf6 7. Bb3 Bg4 8.
d3 O-O 9. Qd2 Bxf3 10. gxf3 Nh5 11. Qg2 Nc6 12. Rg1 Qd4 13. Nc3 Ne7 14. Ne2 Qc5
15. d4 Qb5 16. Qh3 Ng6 17. Rxg6 hxg6 18. Qxh4 Rad8 19. d5 c6 20. c4 Qc5 21. Nxf4
Nxf4 22. Bxf4 cxd5 23. cxd5 a5 24. Qf2 Qb5+ 25. Qe2 Qd7 26. Rc1 b5 27. Rc7 Qe8
28. Rb7 b4 29. Qb5 Qxb5+ 30. Rxb5 Ra8 31. Bc7 a4 32. Bc4 b3 33. a3 g5 34. d6 Ra7
35. Rxg5 Kh7 36. Ra5 Rb7 37. Rc5 f5 38. e5 {Black resigns} 1-0

[Event "Team 45 45 League T49"]
[Site "Internet Chess Club"]
[Date "2011.05.24"]
[Round "2"]
[White "loserloser"]
[Black "Grenadier"]
[Result "0-1"]
[WhiteElo "1771"]
[BlackElo "1798"]
[Opening "Caro-Kann: closed (Breyer) variation"]
[ECO "B10"]
[Time "12:00:15"]
[TimeControl "2700+45"]

1. e4 c6 2. d3 d5 3. Nd2 e5 4. Ngf3 Bd6 5. g3 Nf6 6. Bg2 O-O 7. O-O Re8 8. Qe2
Nbd7 9. Rd1 Nc5 10. a4 Bg4 11. h3 Bh5 12. g4 Bg6 13. Nh4 dxe4 14. dxe4 Ne6 15.
Nc4 Nd4 16. Qd3 Nxe4 17. Bxe4 Qxh4 18. Nxd6 Red8 19. Bxg6 hxg6 20. Ne4 Rd5 21.
Bg5 Qh8 22. c4 Rd7 23. Nc5 Rc7 24. Nb3 Ne6 25. Bd2 Rd8 26. Qg3 Rcd7 27. Kh2 Rd3
28. Be3 Rxd1 29. Rxd1 Rxd1 30. Qxe5 Kh7 31. Nd2 Qd8 32. Kg2 Rxd2 33. Bxd2 Qxd2
{White resigns} 0-1

[Event "Team 45 45 League T49"]
[Site "Internet Chess Club"]
[Date "2011.05.22"]
[Round "2"]
[White "GoIrish"]
[Black "CheeryCherry"]
[Result "0-1"]
[WhiteElo "1565"]
[BlackElo "1527"]
[Opening "Réti: King's Indian attack"]
[ECO "A05"]
[Time "08:01:27"]
[TimeControl "2700+45"]

1. Nf3 Nf6 2. g3 g6 3. Bg2 Bg7 4. O-O O-O 5. d4 d6 6. Nbd2 c6 7. e4 Qa5 8. c3
Qh5 9. Nh4 Bg4 10. f3 Bc8 11. Qe1 g5 12. Nf5 Bxf5 13. exf5 Nbd7 14. Qxe7 Rae8
15. Qxd6 Re2 16. g4 Qh6 17. Qg3 c5 18. Nb3 Nd5 19. Qh3 Qxh3 20. Bxh3 c4 21. Nd2
Nf4 22. Kh1 Nxh3 23. Ne4 h5 24. Bxg5 hxg4 25. fxg4 Rxe4 26. Bh4 Rxg4 27. Bg3 Re8
28. Rae1 Rge4 29. Kg2 Rxe1 30. Rxe1 Nf4+ 31. Kf3 Rxe1 32. Bxe1 Nd3 33. Bh4 Nxb2
34. Ke4 b5 35. Kd5 b4 36. cxb4 c3 37. Be1 c2 38. Bd2 Nf6+ 39. Kc6 Ne4 40. Bc1
Nd3 {White resigns} 0-1

[Event "Team 45 45 League T49"]
[Site "Internet Chess Club"]
[Date "2011.05.23"]
[Round "2"]
[White "j65536d"]
[Black "Hal2001"]
[Result "0-1"]
[WhiteElo "1774"]
[BlackElo "1708"]
[Opening "Sicilian: accelerated fianchetto, Maróczy bind"]
[ECO "B36"]
[Time "20:08:38"]
[TimeControl "2700+45"]

1. e4 c5 2. Nf3 g6 3. d4 cxd4 4. Nxd4 Nc6 5. c4 d6 6. Be2 Nf6 7. Nc3 Bg7 8. O-O
O-O 9. h3 Nxd4 10. Qxd4 Bd7 11. Qd3 Bc6 12. Be3 Nd7 13. Rac1 Nc5 14. Qc2 a5 15.
f3 Rc8 16. Rfd1 Qc7 17. Nd5 Bxd5 18. Rxd5 Qb6 19. b3 Rc7 20. Qd2 Rfc8 21. h4 Rc6
22. Rd1 Qc7 23. h5 b6 24. Bf4 Ne6 25. Bg3 Rc5 26. f4 Rxd5 27. exd5 Nd4 28. Bg4
f5 29. Bh3 e5 30. dxe6 Nxe6 31. Qxd6 Qc5+ 32. Qxc5 Nxc5 33. hxg6 hxg6 34. Bf2
Re8 35. Kf1 Bc3 36. g4 fxg4 37. Bxg4 Re4 38. Bg3 Re3 39. Kf2 Rd3 40. Ke2 Rxg3
41. Bf3 g5 42. fxg5 Rxg5 43. Rd6 Re5+ 44. Kf1 Rf5 45. Kg2 Rf6 46. Rd8+ Kg7 47.
Bd5 Bd4 48. Bf3 Rg6+ 49. Kh3 Bc3 50. Re8 Ne6 51. Bg4 Nf4+ 52. Kg3 Nh5+ 53. Kf3
Nf6 54. Re7+ Kf8 55. Re6 Nxg4 56. Rxg6 Ne5+ {White resigns} 0-1

[Event "Team 45 45 League T49"]
[Site "Internet Chess Club"]
[Date "2011.05.22"]
[Round "2"]
[White "rahulr"]
[Black "ChessicalZ"]
[Result "1-0"]
[WhiteElo "1644"]
[BlackElo "1661"]
[Opening "Réti opening"]
[ECO "A04"]
[Time "17:00:50"]
[TimeControl "2700+45"]

1. Nf3 c5 2. g3 g6 3. Bg2 Bg7 4. O-O Nc6 5. d3 e6 6. c4 Nge7 7. Nc3 O-O 8. e4 d5
9. exd5 exd5 10. cxd5 Nxd5 11. Nxd5 Qxd5 12. Re1 Bf5 13. Ne5 Qd6 14. Nxc6 bxc6
15. Bf4 Qxd3 16. Qxd3 Bxd3 17. Rad1 c4 18. Bxc6 Rac8 19. Bb7 Rce8 20. Bd6 Rxe1+
21. Rxe1 Bxb2 22. Bxf8 Kxf8 23. Be4 Bxe4 24. Rxe4 c3 25. Rc4 Ke7 26. Kf1 Kd6 27.
Ke2 h5 28. Kd3 Kd7 29. Ra4 Ke6 30. Rxa7 g5 31. a4 f6 32. a5 Kd6 33. Rb7 Kc6 34.
Rb3 c2 35. Rxb2 c1=Q 36. Rc2+ Qxc2+ 37. Kxc2 Kb5 38. Kd3 Kxa5 39. Ke4 Kb5 40.
Kf5 {Black resigns} 1-0

[Event "Team 45 45 League T49"]
[Site "Internet Chess Club"]
[Date "2011.05.20"]
[Round "2"]
[White "QueensCounselor"]
[Black "Walker42"]
[Result "1/2-1/2"]
[WhiteElo "2151"]
[BlackElo "2100"]
[Opening "King's Indian: orthodox, Aronin-Taimanov, main line"]
[ECO "E99"]
[Time "15:03:22"]
[TimeControl "2700+45"]

1. d4 Nf6 2. c4 g6 3. Nc3 Bg7 4. e4 d6 5. Nf3 O-O 6. Be2 e5 7. O-O Nc6 8. d5 Ne7
9. Ne1 Nd7 10. f3 f5 11. Be3 f4 12. Bf2 g5 13. a4 a5 14. Nd3 b6 15. b4 axb4 16.
Nxb4 Nf6 17. Nd3 Ng6 18. a5 bxa5 19. c5 Rf7 20. Ra2 h5 21. Qa1 g4 22. Rxa5 Rxa5
23. Qxa5 g3 24. hxg3 fxg3 25. Bxg3 h4 26. Bf2 Nh5 27. cxd6 Qg5 28. Kh2 Ngf4 29.
Nxf4 Qxf4+ 30. Kg1 Ng3 31. Ba6 Bxa6 32. Qxa6 Nxf1 33. Kxf1 cxd6 34. Ne2 Qh6 35.
Qc8+ Kh7 36. Qe8 Rf8 37. Qd7 h3 38. Qxh3 Qxh3 39. gxh3 Rxf3 40. Kg2 Ra3 41. Ng3
Kg6 42. Nf5 Bf8 43. Be3 Ra6 44. Kf3 Kh5 45. Kg3 Ra3 46. Kf3 Ra4 47. Bd2 Ra3+ 48.
Be3 Ra1 49. Kf2 {Game drawn by mutual agreement} 1/2-1/2

[Event "Team 45 45 League T49"]
[Site "Internet Chess Club"]
[Date "2011.05.19"]
[Round "2"]
[White "imgr8"]
[Black "fledermaus"]
[Result "0-1"]
[WhiteElo "2069"]
[BlackElo "2050"]
[Opening "Sicilian: Alapin's variation (2.c3)"]
[ECO "B22"]
[Time "17:02:59"]
[TimeControl "2700+45"]

1. e4 c5 2. c3 d5 3. exd5 Qxd5 4. d4 Nf6 5. Nf3 Bg4 6. dxc5 Qxd1+ 7. Kxd1 e5 8.
b4 e4 9. h3 Bh5 10. g4 Nxg4 11. hxg4 Bxg4 12. Nd2 exf3 13. Bd3 Be7 14. Nc4 Nc6
15. b5 O-O-O 16. Kc2 Rxd3 17. Kxd3 Bf5+ 18. Kd2 Rd8+ 19. Ke1 Bd3 20. bxc6 Bxc4
21. Be3 bxc6 22. Rd1 Re8 23. Kd2 Bf6 24. Kc2 h6 25. Rd6 Rxe3 26. fxe3 f2 27.
Rdd1 h5 28. Kd2 Kd7 29. e4 Bg5+ 30. Kc2+ Ke7 31. Rxh5 f6 32. Rh7 Bh6 33. Rh8
f1=Q 34. Rxf1 Bxf1 35. Ra8 a6 36. Ra7+ Ke6 37. Rc7 Ke5 38. Rxc6 Kxe4 39. Rd6 Bf4
40. Rd4+ Kf5 41. Rd1 Bb5 42. Kb3 g5 43. c4 Bc6 44. Kb4 Bc7 45. Rf1+ Kg6 46. Re1
g4 47. Re7 Be5 48. Re6 Bf3 49. Rxa6 g3 {White resigns} 0-1

[Event "Team 45 45 League T49"]
[Site "Internet Chess Club"]
[Date "2011.05.22"]
[Round "2"]
[White "dinin"]
[Black "snottgoblin"]
[Result "1-0"]
[WhiteElo "1913"]
[BlackElo "1994"]
[Opening "Sicilian: Alapin's variation (2.c3)"]
[ECO "B22"]
[Time "11:00:45"]
[TimeControl "2700+45"]

1. e4 c5 2. c3 e6 3. d4 d5 4. exd5 exd5 5. dxc5 Bxc5 6. Nf3 Ne7 7. Be2 O-O 8.
O-O Nbc6 9. Nbd2 Bg4 10. Nb3 Bb6 11. h3 Bh5 12. Bf4 Re8 13. Re1 Bg6 14. Nfd4 Be4
15. Nb5 Nc8 16. Bd3 Qf6 17. Be3 Ne5 18. Bxe4 dxe4 19. Bxb6 Qxb6 20. N5d4 Nd6 21.
Qh5 a5 22. a4 g6 23. Qg5 Kg7 24. h4 f6 25. Qg3 h5 26. Rab1 Rac8 27. Kh1 Rc4 28.
Qh3 Kf7 29. Nd2 Ng4 30. Nxc4 Nxf2+ 31. Kh2 Nxc4 32. Qd7+ Kf8 33. Kg1 Ng4 34. Re2
Re7 35. Qc8+ Kg7 36. Qxc4 Qd6 37. Kf1 Qh2 38. Ree1 Qxh4 39. Ke2 Ne5 40. Qc5 Nd3
41. Qxe7+ Kh6 42. Qf8+ Kg5 43. Nf3+ exf3+ 44. Kxd3 fxg2 45. Qc5+ Kh6 46. Qe3+ g5
47. Rg1 Qg4 48. Qd4 Qf5+ 49. Kd2 Qf3 50. Rbe1 h4 51. Qd8 h3 52. Qh8+ Kg6 53.
Qg8+ Kh6 54. Qf8+ Kg6 55. Qe8+ Kh6 56. Qe2 Qf4+ 57. Kd1 Qxa4+ 58. Kc1 Qa1+ 59.
Kc2 Qa4+ 60. Kb1 Qh4 61. Qf3 g4 62. Qf4+ Kg6 63. Re4 Kf7 64. Qxg4 Qf2 65. Qh5+
Kf8 66. Qe8+ Kg7 67. Rg4+ {Black resigns} 1-0

[Event "Team 45 45 League T49"]
[Site "Internet Chess Club"]
[Date "2011.05.23"]
[Round "2"]
[White "irock"]
[Black "fishhead"]
[Result "1-0"]
[WhiteElo "1803"]
[BlackElo "1865"]
[Opening "Pirc: Byrne variation"]
[ECO "B07"]
[Time "18:28:43"]
[TimeControl "2700+45"]

1. e4 Nf6 2. Nc3 d6 3. d4 g6 4. Bg5 Bg7 5. Qd2 c6 6. Bh6 O-O 7. f3 e5 8. Nge2
Nbd7 9. O-O-O Qc7 10. g4 Re8 11. h4 Nf8 12. h5 a6 13. hxg6 fxg6 14. Bxg7 Kxg7
15. Qh6+ Kg8 16. dxe5 dxe5 17. Ng3 Be6 18. g5 N6d7 19. Kb1 b5 20. Bh3 Bxh3 21.
Rxh3 Nc5 22. Nf1 Nce6 23. Ne3 Qe7 24. Rg3 Red8 25. Rh1 Qg7 26. Qh4 Nf4 27. Rgg1
Rd7 28. Ng4 Nh5 29. Ne2 Ne6 30. Ng3 Nef4 31. Nxh5 Nxh5 32. Nf6+ Nxf6 33. gxf6
Qf7 34. f4 exf4 35. Qxf4 Re8 36. Re1 Qc4 37. Qh2 Rf7 38. e5 Qd5 39. Qg3 Qe6 40.
Qh4 a5 41. Qg5 a4 42. Reg1 Kh8 43. Qxg6 Ref8 44. Qh6 Rg8 45. Rg7 {Black resigns}
1-0

[Event "Team 45 45 League T49"]
[Site "Internet Chess Club"]
[Date "2011.05.22"]
[Round "2"]
[White "Terte"]
[Black "TheSleepingOne"]
[Result "0-1"]
[WhiteElo "1995"]
[BlackElo "2142"]
[Opening "Sicilian: Alapin's variation (2.c3)"]
[ECO "B22"]
[Time "11:02:25"]
[TimeControl "2700+45"]

1. e4 c5 2. c3 Nf6 3. e5 Nd5 4. Nf3 Nc6 5. Bc4 e6 6. O-O d6 7. d4 cxd4 8. cxd4
Be7 9. Qe2 O-O 10. Rd1 Bd7 11. Nc3 Nxc3 12. bxc3 dxe5 13. dxe5 Qc7 14. Bf4 Rfd8
15. Bd3 Be8 16. h4 Na5 17. Ng5 g6 18. h5 Rd5 19. hxg6 hxg6 20. Re1 Rc8 21. Be4
Rc5 22. Qg4 Nc4 23. Nxe6 fxe6 24. Bxg6 Bxg6 25. Qxg6+ Kh8 26. Qh6+ Kg8 27. Qxe6+
Kh8 28. Re4 Qc6 29. Qh3+ Kg7 30. Rae1 Rh8 31. Qf3 Qe6 32. Be3 Nxe3 33. R1xe3 Rh6
34. Rg4+ Kh8 35. g3 Rxe5 36. Rxe5 Qxe5 37. Re4 Qd6 38. Qe2 Bf8 39. Re8 Kg7 40.
c4 Qc6 41. Qe5+ Kf7 42. Qe4 Qxe8 {White resigns} 0-1

[Event "Team 45 45 League T49"]
[Site "Internet Chess Club"]
[Date "2011.05.20"]
[Round "2"]
[White "Uragon-bocho"]
[Black "Pason"]
[Result "1/2-1/2"]
[WhiteElo "1984"]
[BlackElo "2055"]
[Opening "Nimzo-Indian: classical variation"]
[ECO "E32"]
[Time "13:12:19"]
[TimeControl "2700+45"]

1. d4 e6 2. c4 Nf6 3. Nc3 Bb4 4. Qc2 O-O 5. e3 b6 6. Be2 Bb7 7. Bf3 d5 8. cxd5
exd5 9. Ne2 Re8 10. O-O Bf8 11. Rd1 Nc6 12. a3 Ne7 13. Nf4 Ng6 14. Nxg6 hxg6 15.
b4 Qd7 16. Bb2 g5 17. h3 c6 18. e4 dxe4 19. Nxe4 Nxe4 20. Bxe4 Rad8 21. Bf3 Be7
22. Rac1 Bf6 23. Bxc6 Bxc6 24. Qxc6 Qxc6 25. Rxc6 Rd7 26. Bc3 Red8 27. d5 Bxc3
28. Rxc3 Rxd5 29. Rxd5 Rxd5 30. Rc7 a5 31. Rc6 axb4 32. axb4 Rb5 33. Rc4 Kf8
{Game drawn by mutual agreement} 1/2-1/2

[Event "Team 45 45 League T49"]
[Site "Internet Chess Club"]
[Date "2011.05.28"]
[Round "2"]
[White "poni"]
[Black "Freitac"]
[Result "1-0"]
[WhiteElo "1964"]
[BlackElo "1918"]
[Opening "English opening"]
[ECO "A05"]
[Time "09:06:27"]
[TimeControl "2700+45"]

1. Nf3 Nf6 2. c4 g6 3. Nc3 d5 4. cxd5 Nxd5 5. e4 Nxc3 6. dxc3 Qxd1+ 7. Kxd1 b6
8. Bf4 c6 9. Kc2 Bg7 10. Nd2 Nd7 11. f3 e5 12. Be3 Ke7 13. Nc4 Rd8 14. Rd1 Nf8
15. Rxd8 Kxd8 16. Be2 Kc7 17. Rd1 Be6 18. a4 Rd8 19. Nd2 Nd7 20. a5 Bf8 21.
axb6+ axb6 22. Ra1 Kb7 23. Ba6+ Kc7 24. Bc4 Bxc4 25. Nxc4 Kb7 26. Rd1 Be7 27.
Bf2 Kc7 28. Bg3 f6 29. f4 exf4 30. Bxf4+ Kb7 {Black resigns} 1-0

[Event "Team 45 45 League T49"]
[Site "Internet Chess Club"]
[Date "2011.05.20"]
[Round "2"]
[White "civilization"]
[Black "randallsr"]
[Result "0-1"]
[WhiteElo "1746"]
[BlackElo "1772"]
[Opening "French: advance, Nimzovich system"]
[ECO "C02"]
[Time "14:04:18"]
[TimeControl "2700+45"]

1. e4 e6 2. d4 d5 3. e5 c5 4. Nf3 Qb6 5. Bd3 Nc6 6. O-O cxd4 7. a3 h6 8. Re1 Bd7
9. b4 a6 10. Nbd2 Nge7 11. Nb3 g6 12. Bf4 Na7 13. Nbxd4 Nec6 14. Be3 Nxd4 15.
Nxd4 Qd8 16. Nf3 Bb5 17. Bxa7 Bxd3 18. cxd3 Rxa7 19. d4 b5 20. Rc1 Rc7 21. Qd2
Rc4 22. Qb2 Be7 23. g3 Qb6 24. Red1 a5 25. Nd2 Rxc1 26. Rxc1 O-O 27. Nf3 axb4
28. axb4 Ra8 29. Qd2 Kg7 30. Rb1 Ra4 31. Qc3 Qa7 32. Kg2 Ra3 33. Qc6 Qa4 34. Ne1
Bxb4 35. Qd7 Bxe1 36. Rxe1 Qc4 37. Qe7 Ra8 38. Qb7 Ra4 39. Rb1 Qxd4 40. Qxb5 Ra2
41. Rf1 Qxe5 42. Qb3 Re2 43. Qb5 g5 44. Rc1 Rb2 45. Qc5 g4 46. Kg1 h5 47. Qa5
Re2 48. Qb4 Qe4 49. Qe7 Re1+ 50. Rxe1 Qxe1+ 51. Kg2 Qe5 52. Qc5 Qe4+ 53. Kg1 e5
54. Qc1 Qf5 55. Qc7 d4 56. Qc5 Qe6 57. Qc1 Kg6 58. Qd2 Qd5 59. Qb4 d3 60. Qb6+
Kf5 61. Qb1 e4 62. Qd1 d2 63. Kf1 Qd3+ 64. Kg1 e3 65. fxe3 Qxe3+ 66. Kf1 Qf3+
67. Qxf3+ gxf3 {White resigns} 0-1

[Event "Team 45 45 League T49"]
[Site "Internet Chess Club"]
[Date "2011.05.22"]
[Round "2"]
[White "Signalman"]
[Black "Theodulf"]
[Result "0-1"]
[WhiteElo "1565"]
[BlackElo "1654"]
[Opening "Center game: Paulsen attack"]
[ECO "C22"]
[Time "12:38:26"]
[TimeControl "2700+45"]

1. e4 e5 2. d4 exd4 3. Qxd4 Nc6 4. Qe3 d6 5. Nc3 Be7 6. Bc4 Ne5 7. Be2 Nf6 8.
Bd2 Be6 9. O-O-O Qd7 10. h3 Nc4 11. Bxc4 Bxc4 12. Nge2 O-O 13. Nd4 Ne8 14. Nf5
Bf6 15. Qg3 g6 16. Nh6+ Kh8 17. Rhe1 Qe6 18. b3 Ba6 19. Nd5 Bg7 20. Bc3 f6 21.
f4 Bxh6 22. Kb1 c6 23. Ne3 Bg7 24. f5 Qf7 25. Rf1 Nc7 26. fxg6 Qxg6 27. Qxd6
Bxf1 28. Rxf1 Nb5 29. Qc5 Nxc3+ 30. Qxc3 f5 31. Qc5 Qf6 32. c3 Qxc3 33. Qxc3
Bxc3 34. Nxf5 Rae8 35. Kc2 Bb4 36. Kd3 b5 37. Ke3 Bc5+ 38. Kf3 Re5 39. g4 h5 40.
Rc1 hxg4+ 41. hxg4 Bb4 42. Rxc6 Rc5 43. Rh6+ Kg8 44. g5 Rfxf5+ 45. exf5 Rxf5+
46. Kg4 Rd5 47. Rg6+ Kf7 48. Rf6+ Kg7 49. Ra6 Rd7 50. Kh5 Bc5 51. Rg6+ Kf7 52.
Rf6+ Ke7 53. Rf5 Kd6 54. Rf6+ Ke5 55. Kg6 Rd6 56. Rxd6 Kxd6 57. Kf7 Bd4 58. g6
Kc5 59. a3 a5 60. g7 Bxg7 61. Kxg7 b4 62. axb4+ Kxb4 {White resigns} 0-1

[Event "Team 45 45 League T49"]
[Site "Internet Chess Club"]
[Date "2011.05.23"]
[Round "2"]
[White "allanchs"]
[Black "chrisgianno"]
[Result "1-0"]
[WhiteElo "1538"]
[BlackElo "1541"]
[Opening "Sicilian: Labourdonnais-Löwenthal (Kalashnikov) variation"]
[ECO "B32"]
[Time "14:24:42"]
[TimeControl "2700+45"]

1. e4 c5 2. Nf3 Nc6 3. d4 cxd4 4. Nxd4 e5 5. Nb5 d6 6. N1c3 a6 7. Na3 f5 8. exf5
Bxf5 9. g3 Nf6 10. Bg2 Be7 11. Nd5 O-O 12. O-O Be4 13. Nxf6+ Bxf6 14. Bxe4 Qc7
15. Bd5+ Kh8 16. Be3 Nb4 17. c3 Nxd5 18. Qxd5 Rad8 19. Nc2 b5 20. Rad1 Be7 21.
Nb4 Rf5 22. Nc6 Bf8 23. Nxd8 {Black resigns} 1-0

[Event "Team 45 45 League T49"]
[Site "Internet Chess Club"]
[Date "2011.05.21"]
[Round "2"]
[White "werty"]
[Black "kingphisch"]
[Result "1/2-1/2"]
[WhiteElo "1562"]
[BlackElo "1494"]
[Opening "Caro-Kann: Panov-Botvinnik attack, 5...e6"]
[ECO "B14"]
[Time "14:30:22"]
[TimeControl "2700+45"]

1. d4 c6 2. e4 d5 3. exd5 cxd5 4. c4 Nf6 5. Nc3 e6 6. cxd5 exd5 7. Nf3 Nc6 8.
Bb5 Be6 9. Bg5 Be7 10. O-O O-O 11. Re1 a6 12. Ba4 Ne8 13. Bxe7 Nxe7 14. Bc2 Nf6
15. Qd2 Re8 16. Re2 h6 17. h3 Bf5 18. Rae1 Qd7 19. Bxf5 Nxf5 20. Rxe8+ Rxe8 21.
Rxe8+ Qxe8 22. Kf1 Nd6 23. Qe2 {Game drawn by mutual agreement} 1/2-1/2

[Event "Team 45 45 League T49"]
[Site "Internet Chess Club"]
[Date "2011.05.22"]
[Round "2"]
[White "ryan2chess"]
[Black "oldsj"]
[Result "1/2-1/2"]
[WhiteElo "1877"]
[BlackElo "1640"]
[Opening "two knights defense: Göring variation"]
[ECO "C59"]
[Time "13:00:23"]
[TimeControl "2700+45"]

1. e4 e5 2. Nf3 Nc6 3. Bc4 Nf6 4. Ng5 d5 5. exd5 Na5 6. Bb5+ c6 7. dxc6 bxc6 8.
Be2 h6 9. Nf3 e4 10. Ne5 Qc7 11. Nc4 Nxc4 12. Bxc4 Bd6 13. h3 O-O 14. O-O Bb7
15. Nc3 Rad8 16. Re1 Rfe8 17. d3 c5 18. Bd2 Bh2+ 19. Kh1 Bf4 20. Nb5 Qb8 21. Ba5
Rd7 22. Nc3 a6 23. Na4 Qe5 24. Qe2 Qf5 25. Kg1 Rde7 26. Qf1 Qg5 27. dxe4 Nxe4
28. Bxa6 Bxa6 29. Qxa6 Bh2+ 30. Kxh2 Qf4+ 31. Kg1 Qxf2+ 32. Kh1 Ng3+ 33. Kh2
Rxe1 34. Rxe1 Rxe1 35. Bxe1 Nf1+ 36. Kh1 Ng3+ 37. Kh2 Nf1+ 38. Kh1 Ng3+ 39. Kh2
{Game drawn by repetition} 1/2-1/2

[Event "Team 45 45 League T49"]
[Site "Internet Chess Club"]
[Date "2011.05.21"]
[Round "2"]
[White "rom1"]
[Black "Nikhil03"]
[Result "1-0"]
[WhiteElo "1563"]
[BlackElo "1560"]
[Opening "QGD semi-Slav"]
[ECO "D43"]
[Time "13:00:25"]
[TimeControl "2700+45"]

1. d4 d5 2. c4 c6 3. Nc3 Nf6 4. Nf3 e6 5. cxd5 exd5 6. Bg5 Be7 7. e3 Bg4 8. Be2
Bxf3 9. Bxf3 Nbd7 10. O-O Qc7 11. Rc1 Qb6 12. Qc2 h6 13. Bf4 g5 14. Be5 Nxe5 15.
dxe5 Nd7 16. Qf5 Qxb2 17. e6 fxe6 18. Qg6+ Kd8 19. Qxe6 Bf6 20. Bg4 Rh7 21. Qg8+
Ke7 22. Qxh7+ Kf8 23. Qxd7 Qb4 24. Nxd5 cxd5 25. Rc7 Qe7 26. Rc8+ Rxc8 27. Qxe7+
Kxe7 28. Bxc8 b6 29. Rc1 Kd6 30. Bb7 d4 31. Rc6+ Ke7 32. exd4 Bxd4 33. Rxh6 Bg7
34. Rg6 Bf6 35. Rh6 Bg7 36. Rh7 Kf7 37. Bd5+ Kg6 38. Be4+ Kf6 39. f3 b5 40. h4
gxh4 41. Rxh4 Ke6 42. Rg4 Bc3 43. Rg6+ Kf7 44. Rc6 Bh8 45. Kf1 Bd4 46. Ke2 Ke7
47. Kd3 Be5 48. Ra6 Bb8 49. Kc3 Be5+ 50. Kb4 Bd4 51. Kxb5 Bf2 52. Kc6 Bg3 53.
Rxa7+ Kf8 54. Ra5 Ke8 55. Rd5 Ke7 56. a4 Ke6 57. a5 Bb8 58. a6 Kf6 59. Kb7 Bh2
60. a7 Kg7 61. a8=Q Kf6 62. Qh8+ Ke6 63. Qxh2 Ke7 64. Kc6 Ke8 65. Rd7 Kf8 66.
Qh8# {Black checkmated} 1-0

[Event "Team 45 45 League T49"]
[Site "Internet Chess Club"]
[Date "2011.05.24"]
[Round "2"]
[White "amax1"]
[Black "stan-beers"]
[Result "1-0"]
[WhiteElo "1357"]
[BlackElo "1485"]
[Opening "Philidor: Hanham variation"]
[ECO "B07"]
[Time "20:42:25"]
[TimeControl "2700+45"]

1. e4 d6 2. d4 Nd7 3. Nf3 e5 4. dxe5 dxe5 5. Bc4 h6 6. Nc3 c6 7. O-O Ngf6 8. a3
Be7 9. h3 g5 10. Nh2 Qc7 11. Qf3 Nf8 12. Be3 Ng6 13. Ng4 Bxg4 14. hxg4 O-O 15.
Rad1 b6 16. Qh3 Kg7 17. f3 Nf4 18. Bxf4 exf4 19. Ne2 Rad8 20. g3 Rxd1 21. Rxd1
Rd8 22. Rxd8 Qxd8 23. Qf1 Bc5+ 24. Kg2 Qd2 25. Qc1 Qd6 26. gxf4 b5 27. e5 Qe7
28. exf6+ Qxf6 29. Bd3 Bd6 30. fxg5 hxg5 31. Qe3 Be5 32. Qxa7 Qh6 33. Ng3 Bxg3
34. Kxg3 Qh4+ 35. Kg2 Qe1 36. Qd4+ Kg8 37. Qf6 Qd2+ 38. Kg3 Qe1+ 39. Kg2 Qd2+
40. Kg1 Qe1+ 41. Bf1 Qg3+ 42. Bg2 Qe1+ 43. Kh2 Qh4+ 44. Kg1 Qe1+ 45. Bf1 Qg3+
46. Kh1 Qf2 47. Qxg5+ Kf8 48. Qh6+ Ke7 49. Qh3 Qxc2 50. Qg2 Qh7+ 51. Kg1 Qh4 52.
Qh2 Qg5 53. Qc7+ Kf8 54. Qxc6 Qe3+ 55. Kg2 Qd2+ 56. Kg3 Qxb2 57. Qxb5 Qxa3 58.
Qe5 Qa7 59. Qd6+ Kg7 60. Qe5+ Kf8 61. Kg2 Qa2+ 62. Qe2 Qa5 63. Qb5 Qd2+ 64. Be2
Qf4 65. Qc5+ Kg7 66. Bc4 Qd2+ 67. Qf2 Qc3 68. Qa2 f6 69. Qa7+ Kh6 70. g5+ fxg5
71. Qb6+ Kg7 72. Qc7+ Kh6 73. Qd6+ Kg7 74. Qe7+ Kh6 75. Qf8+ Qg7 76. Qxg7+ Kxg7
77. Kg3 Kf6 78. Kg4 Kg6 79. Bd3+ Kh6 80. Kf5 g4 81. fxg4 Kg7 82. Kg5 Kh8 83. Kg6
Kg8 84. Bc4+ Kh8 85. Kf6 Kh7 86. g5 Kh8 87. Bf1 Kg8 88. g6 Kh8 89. g7+ Kg8 90.
Bc4+ Kh7 91. g8=Q+ Kh6 92. Qg6# {Black checkmated} 1-0

[Event "Team 45 45 League T49"]
[Site "Internet Chess Club"]
[Date "2011.05.22"]
[Round "2"]
[White "smsxman"]
[Black "anna"]
[Result "1/2-1/2"]
[WhiteElo "1319"]
[BlackElo "1328"]
[Opening "Four knights: Italian variation"]
[ECO "C47"]
[Time "12:30:20"]
[TimeControl "2700+45"]

1. e4 e5 2. Nf3 Nc6 3. Nc3 Nf6 4. Bc4 Nxe4 5. Bxf7+ Kxf7 6. Nxe4 d5 7. Neg5+ Ke8
8. d3 Be7 9. O-O h6 10. Nh3 Bxh3 11. gxh3 Qd7 12. Kg2 Kf7 13. Ng1 Rag8 14. Qf3+
Ke8 15. c4 d4 16. a3 g5 17. Qg4 Qxg4+ 18. hxg4 h5 19. f3 h4 20. h3 Bd6 21. b4 b6
22. Re1 a5 23. b5 Nd8 24. Bb2 Ne6 25. Ne2 Kd7 26. Rab1 Nc5 27. Nc1 Re8 28. Re2
Ne6 29. Re1 Nf4+ 30. Kh2 e4 31. Kh1 exd3 32. Rxe8 Rxe8 33. Nb3 Re2 34. Nxd4 Rf2
35. Nf5 d2 36. Nxd6 Kxd6 37. Rd1 Re2 38. Bc3 Re1+ 39. Rxe1 dxe1=Q+ 40. Bxe1 Nxh3
41. Bd2 Ke5 42. Be3 Nf4 43. Kh2 a4 44. Kh1 {Game drawn by mutual agreement}
1/2-1/2

[Event "Team 45 45 League T49"]
[Site "Internet Chess Club"]
[Date "2011.05.24"]
[Round "2"]
[White "tourettes"]
[Black "PJ"]
[Result "0-1"]
[WhiteElo "1460"]
[BlackElo "1670"]
[Opening "Ruy Lopez: exchange variation"]
[ECO "C68"]
[Time "14:05:32"]
[TimeControl "2700+45"]

1. e4 e5 2. Nf3 Nc6 3. Bb5 a6 4. Bxc6 dxc6 5. h3 Qd6 6. d3 g6 7. Be3 Bg7 8. Nbd2
Be6 9. O-O Ne7 10. Qe2 O-O 11. Ng5 Rad8 12. Nxe6 Qxe6 13. Nb3 b6 14. a4 a5 15.
Rad1 c5 16. Kh1 Rd7 17. Bxc5 bxc5 18. Nxc5 Qc6 19. Nxd7 Qxd7 20. b3 c5 21. Qd2
Nc6 22. Kh2 Rd8 23. g3 f5 24. Qc3 Qd4 25. Qe1 f4 26. c3 Qd6 27. Qe2 Bh6 28. h4
Rf8 29. g4 f3 30. Qe1 Bf4+ 31. Kh3 Nd8 32. d4 Ne6 33. dxc5 Ng5+ 34. hxg5 Qe7
{White resigns} 0-1

[Event "Team 45 45 League T49"]
[Site "Internet Chess Club"]
[Date "2011.05.23"]
[Round "2"]
[White "ElMarginal"]
[Black "BotanicalKnight"]
[Result "1/2-1/2"]
[WhiteElo "1586"]
[BlackElo "1631"]
[Opening "Caro-Kann: Gurgenidze counter-attack"]
[ECO "B15"]
[Time "20:04:38"]
[TimeControl "2700+45"]

1. e4 c6 2. d4 d5 3. Nc3 b5 4. Bd3 dxe4 5. Bxe4 Nf6 6. Bf3 e6 7. Nge2 Be7 8. O-O
O-O 9. Nxb5 Qb6 10. c4 Bb7 11. Nbc3 Nbd7 12. Qb3 Qc7 13. Bf4 Qc8 14. Qc2 Re8 15.
Ne4 Nf8 16. N2c3 Ng6 17. Nxf6+ Bxf6 18. Bg3 Bxd4 19. Ne2 Bf6 20. Rad1 c5 21.
Bxb7 Qxb7 22. b3 Rad8 23. Nc3 a6 24. Ne4 Be7 25. Rxd8 Rxd8 26. Nc3 Rd4 27. Rd1
Qd7 28. f3 Qd8 29. Bf2 Rd6 30. Rxd6 Qxd6 31. Ne4 Qe5 32. Qc3 Qxc3 33. Nxc3 Nf4
34. Kf1 e5 35. g3 Ne6 36. Ke2 Nd4+ 37. Bxd4 exd4 38. Ne4 f5 39. Nf2 g5 40. Nd3
{Game drawn by mutual agreement} 1/2-1/2